Map: Alcyone LE

Players

Beatrenger

  • Race: Zerg Zerg
  • League: Diamond
  • Spawn Location: 7:00

SubN - Winner!

  • Race: Zerg Zerg
  • League: Diamond
  • Spawn Location: 1:00

VOD

Have the link to the VOD?

Description

Time

  • Played on: Dec. 22, 2023, 8:54 p.m.
  • Length: 4:06
Show
View Real Time Build Order
Export as new Build Order

Beatrenger Zerg 

Build Orders: Pool First 

Get SALT Encoding   

  12  0:18  Spawning Pool  
  11  0:27  Drone  
  12  0:32  Drone, Extractor  
  12  0:33  Drone  
  13  0:44  Overlord  
  13  0:51  Drone  
  14  1:06  Queen  
  16  1:12  Zergling x4  
  18  1:28  Overlord  
  18  1:34  Metabolic Boost  
  18  1:39  Drone  
  19  1:56  Drone x2  
  21  2:28  Hatchery  
  20  2:33  Drone  
  20  2:34  Drone x2  
  20  2:35  Baneling Nest  
  22  2:45  Zergling x4  
  22  2:46  Zergling x2  
  25  2:58  Zergling x2  
  26  3:02  Queen  
  26  3:06  Zergling x2  
  26  3:11  Zergling x2  
  23  3:19  Zergling x2  
  20  3:31  Zergling x2  
  21  3:34  Drone  
Show
View Real Time Build Order
Export as new Build Order

SubN Zerg - Winner!

Build Orders: Pool First 

Get SALT Encoding   

  12  0:00  Drone  
  13  0:08  Drone  
  14  0:20  Extractor  
  13  0:28  Spawning Pool  
  12  0:55  Hatchery  
  11  1:14  Queen  
  13  1:33  Metabolic Boost  
  13  1:40  Overlord  
  13  1:45  Zergling x2  
  14  1:58  Zergling x4  
  16  2:07  Zergling x2  
  16  2:23  Zergling x10  
  21  2:31  Drone  
  22  2:42  Queen  
  25  2:58  Zergling x6  
  25  3:10  Zergling x6  
  23  3:23  Zergling x4  
  23  3:34  Overlord  
Tags
 
Add a new tag
Caveats
  • Supply blocks, unpowered buildings, or Contaminate may cause inaccurate times.
  • Supply counts are checked every 10 seconds.